 Dungeon Crawl Stone Soup version 0.31.0-11-ge490571c62 (webtiles) character file.

Game seed: 14171720652165743714

35 dialectric the Covert (level 3, -17/29 HPs)
             Began as a Vampire Delver on Jan 27, 2024.
             Demolished by a sleepcap (21 damage)
             ... on level 4 of the Dungeon.
             The game lasted 00:00:25 (167 turns).

dialectric the Covert (Vampire Delver)               Turns: 167, Time: 00:00:26

Health: -17/29     AC:  3    Str: 11    XL:     3   Next: 16%
Magic:  3/3        EV:  2    Int: 12    God:
Gold:   0          SH:  0    Dex: 17    Spells: 2/2 levels left

rFire   . . .        a - +0 short sword
rCold   . . .        (no shield)
rNeg    . . .        b - +0 leather armour
rPois   .            (no helmet)
rElec   .            (no cloak)
rCorr   .            (no gloves)
SInv    +            (no boots)
Will    .....        (no amulet)
Stlth   ++++         (no ring)
HPRegen 0.44/turn    (no ring)
MPRegen 0.08/turn

%: no passive effects
@: sleeping, healing quickly
A: alive, fangs 3, see invisible, vampiric 2
a: Exsanguinate


You were on level 4 of the Dungeon.
You visited 1 branch of the dungeon, and saw 2 of its levels.

Inventory:

Hand Weapons
 a - a +0 short sword (weapon)
Armour
 b - a +0 leather armour (worn)
Wands
 g - a wand of digging (3)
Scrolls
 c - a scroll of fog
 d - a scroll of revelation
 e - 2 scrolls of fear
Potions
 f - a potion of haste
 h - a potion of brilliance {unknown}


   Skills:
 + Level 3.0 Fighting
 + Level 2.4 Short Blades
 + Level 0.3 Armour
 + Level 2.3 Dodging
 + Level 8.1 Stealth


You had 2 spell levels left.
You didn't know any spells.
Your spell library was empty.

Dungeon Overview and Level Annotations

Branches:
Dungeon (5/15)
 Temple: D:4-7

Altars:
Nemelex Xobeh


Innate Abilities, Weirdness & Mutations

Your natural rate of healing is accelerated.
You have razor-sharp teeth.
You have supernaturally acute eyesight. (SInv)
You are afflicted with vampirism and can become a bat while bloodless.


Message History

The sleepcap is severely damaged.
The sleepcap releases spores at you.
You are engulfed in a cloud of soporific spores!
You fall asleep.
The sleepcap releases spores at you!!
You wake up.
Ouch! That really hurt!
You hit the sleepcap but do no damage.
The sleepcap is severely damaged.
The sleepcap barely misses you.
Unknown command.
You hit the sleepcap.
The sleepcap is almost destroyed.
The sleepcap releases spores at you.
* * * LOW HITPOINT WARNING * * *
You are engulfed in a cloud of soporific spores!
You are unaffected.
You hit the sleepcap but do no damage.
The sleepcap is almost destroyed.
Unknown command.
You hit the sleepcap but do no damage.
The sleepcap is almost destroyed.
The sleepcap barely misses you.
Unknown command.
You hit the sleepcap.
The sleepcap is almost destroyed.
The sleepcap releases spores at you.
* * * LOW HITPOINT WARNING * * *
You hit the sleepcap but do no damage.
The sleepcap is almost destroyed.
The sleepcap closely misses you.
Unknown command.
You hit the sleepcap.
The sleepcap is almost destroyed.
The sleepcap releases spores at you.
* * * LOW HITPOINT WARNING * * *
You are engulfed in a cloud of soporific spores!
You fall asleep.
The sleepcap releases spores at you!!
Ouch! That really hurt!
You die...

######....#.......#.#
##8# ##.#......#..#
#8... #..#.#..#.#..#
#... ####.#..#.#.)#
_... ###.#..###))#
........).<.#
####...##.##
#.......#...
####@#..#.##:#
#.....f#..#.. ..
#............ .#
#####..#.##.~~ ♣
#..#.. .~~P #..#.#.


.PP ...#......♣ .#.# #♣ You could see a sleepcap.

Vanquished Creatures
  An orc wizard (D:4)
  3 orcs (D:4)
  A hobgoblin (D:4)
  2 kobolds (D:4)
7 creatures vanquished.

Notes
Turn   | Place    | Note
-------+----------+-------------------------------------------
     0 | D:5      | dialectric the Vampire Delver began the quest for the Orb.
     0 | D:5      | Reached XP level 1. HP: 17/17 MP: 1/1
     4 | D:5      | Noticed an iguana
     7 | D:5      | Noticed a gnoll bouda
   130 | D:4      | Found a sparkling altar of Nemelex Xobeh.
   142 | D:4      | Noticed an orc wizard
   147 | D:4      | Killed an orc wizard
   148 | D:4      | Reached skill level 8 in Stealth
   148 | D:4      | Reached XP level 2. HP: 23/23 MP: 2/2
   148 | D:4      | Gained mutation: You are afflicted with vampirism and can
                  | become a bat while bloodless. [Vampire growth]
   148 | D:4      | Reached XP level 3. HP: 28/28 MP: 3/3
   167 | D:4      | Demolished by a sleepcap

Illustrated notes

Levels and vault maps discovered:
D:4:      layout_basic, hellmonk_sif_muna_bookshelves,
          nicolae_elyvilon_peaceful_grove, nicolae_overflow_hidden_temple,
          serial_shops, nicolae_shop_advertising_works
          [nicolae_subvault_shop_adworks], dreamdust_wishing_well, uniq_grinder,
          uniq_menkaure
D:5:      layout_rooms

Skill      XL: |  1  2  3 |
---------------+----------+-----
Stealth        | 8 |  8.1
Fighting       | 3 |  3.0
Short Blades   | |  2.4
Armour         | |  0.3
Dodging        | |  2.3

Action                     || total
---------------------------++-------
  Melee: Short sword       ||    32
         Punch             ||     1
         Bite              ||     1
   Stab: Sleeping          ||     5
 Armour: Leather armour    ||    21
  Dodge: Dodged            ||    15
